 Dungeon Crawl Stone Soup version 0.21.1-1-g345015f (webtiles) character file.

1040 kae the Slasher (level 8, 0/70 HPs)
             Began as a Minotaur Fighter on June 19, 2018.
             Slain by Trampli's ghost (15 damage)
             ... on level 6 of the Dungeon.
             The game lasted 00:03:40 (5207 turns).

kae the Slasher (Minotaur Fighter)                  Turns: 5207, Time: 00:03:41

Health: 0/70       AC: 11    Str: 22    XL:     8   Next: 4%
Magic:  7/7        EV:  9    Int:  6    God:
Gold:   505        SH:  9    Dex: 10    Spells: 7/7 levels left

rFire    . . .     SeeInvis .   a - +1 long sword
rCold    . . .     Gourm    .   c - +0 shield
rNeg     . . .     Faith    .   b - +1 scale mail
rPois    .         Spirit   .   (helmet restricted)
rElec    .         Reflect  .   s - +0 cloak
rCorr    .         Harm     .   (no gloves)
MR       +....                  u - +0 pair of boots
Stlth    ..........             (no amulet)
HPRegen  0.21/turn              v - ring of protection from magic
MPRegen  0.10/turn              (no ring)

@: no status effects
A: retaliatory headbutt, horns 2
a: no special abilities


You were on level 6 of the Dungeon.
You were hungry.

You visited 2 branches of the dungeon, and saw 7 of its levels.
You also visited: Ossuary.

You collected 505 gold pieces.

Inventory:

Hand Weapons
 a - a +1 long sword (weapon)
Armour
 b - a +1 scale mail (worn)
 c - a +0 shield (worn)
 l - a +0 pair of boots
 s - a +0 cloak (worn)
 u - a +0 pair of boots (worn)
Jewellery
 v - a ring of protection from magic (left hand)
Wands
 o - a wand of acid (8)
Scrolls
 e - 2 scrolls of magic mapping
 g - a scroll of amnesia
 i - a scroll of identify
 j - a scroll of enchant armour
 k - a scroll of blinking
 p - a scroll of enchant weapon
 r - 5 scrolls of teleportation
Potions
 d - a potion of might
 h - a potion of resistance
 m - a potion of cancellation {unknown}
 n - 2 potions of curing {unknown}
 q - a potion of flight
 t - a potion of berserk rage {unknown}
Books
 w - a book of Maledictions

   Spells                             Type                      Level
   a - Corona                         Hexes                        1
   b - Ensorcelled Hibernation        Hexes/Ice                    2
   c - Confuse                        Hexes                        3
   d - Tukima's Dance                 Hexes                        3
   e - Dazzling Spray                 Conjuration/Hexes            3
Comestibles
 f - 2 rations


   Skills:
 + Level 6.2 Fighting
 * Level 7.4 Long Blades
 + Level 6.1 Armour
 + Level 4.3 Dodging
 - Level 3.6 Shields


You had 7 spell levels left.
You didn't know any spells.

Dungeon Overview and Level Annotations

Branches:
Dungeon (6/15)             Temple (1/1) D:4

Altars:
Ashenzari
Cheibriados
Dithmenos
Elyvilon
Fedhas
Hepliaklqana
Kikubaaqudgha
Nemelex Xobeh
Okawaru
Qazlal
Ru
Sif Muna
Uskayaw
Vehumet
Wu Jian
Xom
Yredelemnul
Zin
The Shining One

Shops:
D:4 (

Annotations:
D:6 Trampli's ghost, novice MiFi


Innate Abilities, Weirdness & Mutations

You reflexively headbutt those who attack you in melee.
You have a pair of horns on your head.


Message History

Trampli's ghost barely misses you. You furiously retaliate!
You headbutt Trampli's ghost, but do no damage.
You riposte.
You closely miss Trampli's ghost.
Trampli's ghost is heavily damaged.
You slash Trampli's ghost!
Trampli's ghost is severely damaged.
You block Trampli's ghost's attack.
You hit Trampli's ghost but do no damage.
Trampli's ghost is severely damaged.
Trampli's ghost hits you but does no damage.
Trampli's ghost says, "They'll have to sweep you off the floor after I'm finished with you!"
Trampli's ghost hits you but does no damage.
You closely miss Trampli's ghost.
Trampli's ghost is severely damaged.
Trampli's ghost hits you but does no damage.
You closely miss Trampli's ghost.
You headbutt Trampli's ghost, but do no damage.
Trampli's ghost is severely damaged.
Trampli's ghost hits you!
You die...

......# ......# ..
#(....# .. ......+ .....
.._... ... .###+##......
..... ....
.##...#......##...##.#..
......#.................
......#.................
......#..........W......
#######.........@..$....
...... .................
...... #######'#########
...... #........#....#
...... #........#....#
.......#........#....#
###.#..#........'....#
................#....#
####.####.......#..).#


You could see Trampli's ghost.

Vanquished Creatures
  Menkaure (D:4)
  A sky beast (D:5)
  The ghost of Darkadept the Skirmisher, an amateur DrAK of Lugonu (D:3)
  An ogre (D:5)
  A centaur (D:5)
  A crimson imp (D:5)
  2 bullfrog zombies (D:5)
  A centaur zombie (D:5)
  An orc priest (D:3)
  Crazy Yiuf (D:2)
  2 centaur skeletons
  2 orc wizards
  Terence (D:2)
  2 worker ants
  2 big kobold zombies (Ossuary)
  A hound zombie (D:5)
  2 mummies (Ossuary)
  4 adders
  An ooze (D:4)
  4 worms
  A dart slug (D:3)
  2 leopard geckos (D:2)
  10 orcs
  A ball python (D:1)
  2 giant cockroaches
  2 gnoll zombies (Ossuary)
  8 goblins
  8 hobgoblins
  2 jackals (D:4)
  7 kobolds
  3 quokkas
  4 bats (D:1)
  4 frilled lizards
  3 goblin zombies (Ossuary)
  4 hobgoblin zombies (Ossuary)
  A leopard gecko skeleton (D:6)
  3 orc zombies (Ossuary)
  6 rats
103 creatures vanquished.

Notes
Turn   | Place    | Note
-------+----------+-------------------------------------------
     0 | D:1      | kae the Minotaur Fighter began the quest for the Orb.
     0 | D:1      | Reached XP level 1. HP: 19/19 MP: 0/0
   265 | D:1      | Reached XP level 2. HP: 27/27 MP: 1/1
   300 | D:1      | Reached skill level 3 in Long Blades
   607 | D:2      | Reached skill level 1 in Dodging
   623 | D:2      | Noticed Terence
   635 | D:2      | Killed Terence
   635 | D:2      | Reached XP level 3. HP: 25/33 MP: 2/2
   791 | D:2      | Reached XP level 4. HP: 39/40 MP: 3/3
   904 | D:2      | Found a runed door.
  1038 | D:2      | Reached skill level 4 in Long Blades
  1523 | D:2      | Noticed Crazy Yiuf
  1528 | D:2      | Killed Crazy Yiuf
  1601 | D:3      | Noticed Darkadept's ghost (amateur DrAK)
  1619 | D:3      | Killed Darkadept's ghost
  1619 | D:3      | Reached XP level 5. HP: 40/47 MP: 4/4
  1729 | D:3      | Reached skill level 5 in Long Blades
  2080 | D:3      | Reached XP level 6. HP: 39/55 MP: 5/5
  2516 | D:3      | Reached skill level 5 in Fighting
  2797 | D:4      | Noticed Menkaure
  2805 | D:4      | Reached skill level 5 in Armour
  2807 | D:4      | Killed Menkaure
  2812 | D:4      | Reached skill level 6 in Long Blades
  3042 | D:4      | Found a staircase to the Ecumenical Temple.
  3081 | Temple   | Entered the Ecumenical Temple
  3654 | D:4      | Found Xiup's Antique Weapon Emporium.
  3963 | D:5      | Entered Level 5 of the Dungeon
  3963 | D:5      | Noticed a sky beast
  3975 | D:5      | Killed a sky beast
  3975 | D:5      | Reached XP level 7. HP: 24/61 MP: 6/6
  4418 | D:5      | Found a sand-covered staircase.
  4460 | Ossuary  | Entered an ossuary
  4751 | D:5      | Reached skill level 7 in Long Blades
  4944 | D:5      | Reached XP level 8. HP: 70/70 MP: 7/7
  5162 | D:6      | Found a hide-covered altar of Uskayaw.
  5189 | D:6      | Noticed Trampli's ghost (novice MiFi)
  5190 | D:6      | Found an iron altar of Okawaru.
  5207 | D:6      | Slain by Trampli's ghost

Skill      XL: |  1  2  3  4  5  6  7 |
---------------+----------------------+-----
Long Blades    | 3 4 5 6 7 |  7.4
Dodging        | 1 2 3 4 |  4.3
Fighting       | 4 5 6 |  6.2
Armour         | 4 5 6 |  6.1
Shields        | |  3.6

Action                   |  1- 3 |  4- 6 |  7- 9 || total
-------------------------+-------+-------+-------++-------
Melee: Long sword        |    65 |   152 |    93 ||   310
       Headbutt          |     5 |    21 |    24 ||    50
  Use: Scroll            |       |    10 |     1 ||    11
       Potion            |       |     3 |       ||     3
 Stab: Invisible         |       |     1 |       ||     1
  Eat: Chunk             |       |     8 |     2 ||    10
       Ration            |       |       |     1 ||     1
Armor: Scale mail        |    31 |    68 |    42 ||   141
       Skin              |       |     2 |       ||     2
Dodge: Dodged            |    17 |    40 |    34 ||    91
Block: Shield            |    27 |    72 |    39 ||   138
       Rpst.: Long sword |     6 |     5 |    11 ||    22
